 Dungeon Sprint DCSS version 0.30-a0-137-gd8773701ce (webtiles) character file.

Game seed: 160164198489124798

3 Pilot the Shield-Bearer (level 1, -8/22 HPs)
             Began as a Troll Fighter on Sept 22, 2022.
             Mangled by Crazy Yiuf
             ... wielding a +3 quarterstaff of chaos
              (15 damage)
             ... in the Dungeon (Sprint III: "The Ten Rune Challenge").
             The game lasted 00:00:37 (63 turns).

Pilot the Shield-Bearer (Troll Fighter)               Turns: 63, Time: 00:00:37

Health: -8/22      AC:  4    Str: 23    XL:     1   Next: 41%
Magic:  0/0        EV:  8    Int:  4    God:
Gold:   12         SH:  7    Dex:  9    Spells: 0/0 levels left

rFire   . . .      SeeInvis .      - Unarmed
rCold   . . .      Faith    .    b - +0 kite shield
rNeg    . . .      Spirit   .    a - +0 robe
rPois   .          Reflect  .    (helmet restricted)
rElec   .          Harm     .    (no cloak)
rCorr   .          Rampage  .    (gloves unavailable)
Will    .....      NoTele   +    (boots unavailable)
Stlth   +.........               (no amulet)
HPRegen 0.87/turn                (no ring)
MPRegen 0.07/turn                (no ring)

@: no status effects
A: large, unfitting armour, claws 3, regeneration 1, shaggy fur 1, tough skin 1
a: no special abilities


You were in the Dungeon.
You visited 1 branch You collected 12 gold pieces.

Inventory:

Armour
 a - a +0 robe (worn)
 b - a +0 kite shield (worn)
Scrolls
 i - 2 scrolls of blinking
Potions
 c - a potion of might
 d - a potion of curing
 e - a potion of heal wounds
 f - a potion of haste
 g - 2 potions of magic
 h - a potion of berserk rage


   Skills:
 + Level 2.8 Fighting
 + Level 2.8 Dodging
 + Level 3.0 Shields
 + Level 2.1 Unarmed Combat


You couldn't memorise any spells.
You didn't know any spells.
Your spell library was empty.

Dungeon Overview and Level Annotations

Branches:
Dungeon (1/1)

Altars:

Annotations:
D Crazy Yiuf


Innate Abilities, Weirdness & Mutations

You are too large for most types of armour.
You have claws for hands.
Your natural rate of healing is unusually fast.
You are covered in fur. (AC +1)
You have tough skin. (AC +1)


Message History

You scratch the endoplasm.
You kill the endoplasm!
Your Shields skill increases to level 3!
i - 2 scrolls of blinking (gained 1)
Found 12 gold pieces.
A rat comes into view.
You see here 12 gold pieces.
You now have 12 gold pieces.
You completely miss the rat. The rat bites you.
You barely miss the rat. The rat bites you but does no damage.
You barely miss the rat. The rat bites you but does no damage.
You barely miss the rat. The rat bites you.
You closely miss the rat. You block the rat's attack.
You closely miss the rat. The rat bites you but does no damage.
You scratch the rat.
You kill the rat!
A rat comes into view.
You closely miss the rat. The rat bites you but does no damage.
The rat bites you.
You completely miss the rat. You block the rat's attack.
You barely miss the rat. You block the rat's attack.
You barely miss the rat. The rat bites you but does no damage.
You claw the rat!
You kill the rat!
A human comes into view.
The human shouts!
Crazy Yiuf the Enlightened comes into view.
He is wielding a +3 quarterstaff of chaos.
Crazy Yiuf shouts!
You block Crazy Yiuf's attack.
You claw Crazy Yiuf!
Crazy Yiuf is severely wounded.
The human barely misses you. Crazy Yiuf completely misses you.
You scratch Crazy Yiuf.
Crazy Yiuf is severely wounded.
The human hits you.
Crazy Yiuf hits you with a +3 quarterstaff of chaos!
Ouch! That really hurt!
You are electrocuted!
Ouch! That really hurt!
You die...

▓...#......##
▓..##.......# ..#
▓##.##.##...# ..#
##.##.###..# #..#
▓#.####.##..# ...+
▓.###..##..## #...#
▓#..†..##..###....#
###..##...##p....#
##..##....#.@g...#
#..###..##.#.....#
#..# #..#####....#
▓▓▓▓ ▓▓▓▓ ▓▓▓▓▓


You could see a human and Crazy Yiuf.

Vanquished Creatures
  An endoplasm (D)
  3 rats (D)
4 creatures vanquished.

Notes
Turn   | Place    | Note
-------+----------+-------------------------------------------
     0 | D        | Pilot the Troll Fighter began the quest for the Orb.
     0 | D        | Reached XP level 1. HP: 22/22 MP: 0/0
    15 | D        | Reached skill level 3 in Shields
    60 | D        | Noticed Crazy Yiuf
    63 | D        | Mangled by Crazy Yiuf

Illustrated notes

Levels and vault maps discovered:
D:        dungeon_sprint_mu [sprint_mu_entry_cave, sprint_mu_temple_rooms,
          sprint_mu_d1_spiders, sprint_mu_d2_genie, sprint_mu_d3_branching,
          sprint_mu_orc_legion, sprint_mu_elf_gauntlet, sprint_mu_hive_nellie,
          sprint_mu_lair_fedhas, sprint_mu_vaults_butterflies,
          sprint_mu_slime_circle, sprint_mu_swamp_cave, sprint_mu_snake_twists,
          sprint_mu_blade_basic, sprint_mu_crypt_fortress,
          sprint_mu_tomb_spiral, sprint_mu_vestibule_basic,
          sprint_mu_gehenna_hellfire, sprint_mu_dis_giant,
          sprint_mu_tartarus_statrot, sprint_mu_cocytus_islands, sprint_mu_zot1]

Skill      XL: |  1 |
---------------+----+-----
Shields        | 3 |  3.0
Fighting       | |  2.8
Dodging        | |  2.8
Unarmed Combat | |  2.1

Action                   || total
-------------------------++-------
Melee: Unarmed           ||    19
Armor: Robe              ||     5
Dodge: Dodged            ||     3
Block: Kite shield       ||     6

Table legend: (Time is in decaauts)
 A = Elapsed time spent in this place.
 B = Non-inter-level travel time spent in this place.
 C = Inter-level travel time spent in this place.
 D = Time resting spent in this place.
 E = Time spent auto-exploring this place.
 F = Levels seen in this place.
 G = Mean time per level.
                   A        B        C        D        E       F      G
               +--------+--------+--------+--------+--------+-----+--------+
         Total |     64 |     49 |     15 |      0 |      0 |   1 |   64.0 |
       Dungeon |     64 |     49 |     15 |      0 |      0 |   1 |   64.0 |
               +--------+--------+--------+--------+--------+-----+--------+

Top non-repeatable levels by time:
       D: 64 daAuts
